Workbook
Name Nation: Inputs!$B$5
Name Price: Inputs!$B$6
Name Rent: Inputs!$B$7
Name PriceGrowth: Inputs!$B$8
Name RentGrowth: Inputs!$B$9
Name LTV: Inputs!$B$10
Name RateP: Inputs!$B$11
Name RateC: Inputs!$B$12
Name Voids: Inputs!$B$13
Name Mgmt: Inputs!$B$14
Name Other: Inputs!$B$15
Name BuyCosts: Inputs!$B$16
Name CoAdmin: Inputs!$B$17
Name SellPct: Inputs!$B$18
Name Band: Inputs!$B$19
Name NonRes: Inputs!$B$20
Name Payout: Inputs!$B$21
Name Loan: Inputs!$B$24
Name Stamp: Inputs!$B$25
Name Equity: Inputs!$B$26
Name BaseCost: Inputs!$B$27
Name SalePrice: Inputs!$B$28
Name SaleCosts: Inputs!$B$29
Name SDLT_L: 'Tax rates'!$B$4:$B$8
Name SDLT_D: 'Tax rates'!$D$4:$D$8
Name LTT_L: 'Tax rates'!$B$11:$B$16
Name LTT_D: 'Tax rates'!$D$11:$D$16
Name LBTT_L: 'Tax rates'!$B$19:$B$23
Name LBTT_D: 'Tax rates'!$D$19:$D$23
Name BandNames: 'Tax rates'!$B$25:$D$25
Name PropY1: 'Tax rates'!$B$26:$D$26
Name PropY2: 'Tax rates'!$B$27:$D$27
Name DivRates: 'Tax rates'!$B$28:$D$28
Name CGTRates: 'Tax rates'!$B$29:$D$29
Name CreditY1: 'Tax rates'!$B$31
Name CreditY2: 'Tax rates'!$B$32
Name DivAllow: 'Tax rates'!$B$33
Name CGTAllow: 'Tax rates'!$B$34
Name BasicBand: 'Tax rates'!$B$35
Name CTSmall: 'Tax rates'!$B$36
Name CTMain: 'Tax rates'!$B$37

Sheet Summary
A1: Summary: 10-year hold
B3: Personal | C3: Company, paid to you | D3: Company, kept inside
A4: Annual return (IRR) | B4: =IRR(Personal!C18:M18) | C4: =IRR(Company!C23:M23) | D4: =IRR(Company!C24:M24)
A5: Cash in | B5: =-Personal!C18 | C5: =-Company!C23 | D5: =-Company!C24
A6: Cash back over 10 years | B6: =SUM(Personal!D18:M18) | C6: =SUM(Company!D23:M23) | D6: =SUM(Company!D24:M24)
A7: Profit on your cash | B7: =SUM(Personal!C18:M18) | C7: =SUM(Company!C23:M23) | D7: =SUM(Company!C24:M24)
A8: Total UK tax paid | B8: =-SUM(Personal!D14:M14)-SUM(Personal!D17:M17) | C8: =-SUM(Company!D13:M13)-SUM(Company!D20:M20) | D8: =-SUM(Company!D13:M13)
A11: Sources: HM Land Registry UK HPI; ONS Price Index of Private Rents; GOV.UK tax pages listed on the Tax rates sheet.
A12: Not modelled: tax where you live, your other income, refinancing, capital repayment, ATED filings, product fees.

Sheet Inputs
A1: UK Buy-to-Let Returns Lab: personal vs limited company
A2: Yellow cells are inputs. Everything else is a formula. Illustrative only, not tax or financial advice.
A4: Region (for reference) | B4: North West | C4: Defaults: Land Registry average price 2026-07, ONS average rent 2026-08
A5: Nation: england / wales / scotland / ni | B5: england | C5: Sets the purchase tax: SDLT (England, NI), LTT (Wales), LBTT + ADS (Scotland)
A6: Purchase price | B6: 221445
A7: Rent per month | B7: 969
A8: Price growth per year | B8: 0.047 | C8: Default: region's annual average over the last 10 years (Land Registry)
A9: Rent growth per year | B9: 0.0468 | C9: Default: region's annual average over the last 10 years (ONS)
A10: Loan to value | B10: 0.75 | C10: Interest-only mortgage
A11: Mortgage rate, personal | B11: 0.05 | C11: Assumption: use your own quote
A12: Mortgage rate, company | B12: 0.055 | C12: Assumption: use your own quote
A13: Voids (% of rent) | B13: 0.04 | C13: Assumption
A14: Letting agent (% of rent collected) | B14: 0.1 | C14: Assumption
A15: Repairs, insurance, compliance (% of rent collected) | B15: 0.1 | C15: Assumption
A16: Buying costs excl. stamp duty | B16: 2500 | C16: Assumption: legal, survey, broker
A17: Company accounts and filings per year | B17: 1200 | C17: Assumption
A18: Selling costs (% of sale price) | B18: 0.015 | C18: Assumption
A19: UK tax band: basic / higher / additional | B19: higher
A20: Live outside the UK? (TRUE / FALSE) | B20: TRUE | C20: 2% SDLT surcharge in England and NI
A21: Company profits: annual / exit | B21: annual | C21: annual = paid out every year; exit = kept in the company until sale
A23: Derived
A24: Mortgage | B24: =Price*LTV
A25: Purchase tax | B25: =IF(Nation="wales",SUMPRODUCT(--(Price>LTT_L),Price-LTT_L,LTT_D),IF(Nation="scotland",SUMPRODUCT(--(Price>LBTT_L),Price-LBTT_L,LBTT_D)+Price*0.08,SUMPRODUCT(--(Price>SDLT_L),Price-SDLT_L,SDLT_D)+Price*(0.05+IF(NonRes,0.02,0))))
A26: Your cash in (deposit + purchase tax + buying costs) | B26: =Price-Loan+Stamp+BuyCosts
A27: Base cost for tax on the gain | B27: =Price+Stamp+BuyCosts
A28: Sale price after 10 years | B28: =Price*(1+PriceGrowth)^10
A29: Selling costs | B29: =SalePrice*SellPct
A30: Gross yield | B30: =Rent*12/Price

Sheet Tax rates
A1: Tax rates used (sources in column E)
A3: SDLT, England & NI (plus 5% surcharge, +2% non-resident) | B3: Band starts at | C3: Rate | D3: Step in rate | E3: gov.uk/stamp-duty-land-tax/residential-property-rates
B4: 0 | C4: 0 | D4: =C4
B5: 125000 | C5: 0.02 | D5: =C5-C4
B6: 250000 | C6: 0.05 | D6: =C6-C5
B7: 925000 | C7: 0.1 | D7: =C7-C6
B8: 1500000 | C8: 0.12 | D8: =C8-C7
A10: LTT higher rates, Wales | B10: Band starts at | C10: Rate | D10: Step in rate | E10: gov.wales/land-transaction-tax-rates-and-bands
B11: 0 | C11: 0.05 | D11: =C11
B12: 180000 | C12: 0.085 | D12: =C12-C11
B13: 250000 | C13: 0.1 | D13: =C13-C12
B14: 400000 | C14: 0.125 | D14: =C14-C13
B15: 750000 | C15: 0.15 | D15: =C15-C14
B16: 1500000 | C16: 0.17 | D16: =C16-C15
A18: LBTT, Scotland (plus 8% ADS) | B18: Band starts at | C18: Rate | D18: Step in rate | E18: revenue.scot LBTT residential rates; ADS 8% from 5 Dec 2024
B19: 0 | C19: 0 | D19: =C19
B20: 145000 | C20: 0.02 | D20: =C20-C19
B21: 250000 | C21: 0.05 | D21: =C21-C20
B22: 325000 | C22: 0.1 | D22: =C22-C21
B23: 750000 | C23: 0.12 | D23: =C23-C22
A25: Income and dividend tax | B25: basic | C25: higher | D25: additional
A26: Property income 2026/27 | B26: 0.2 | C26: 0.4 | D26: 0.45 | E26: Standard income tax rates
A27: Property income from April 2027 | B27: 0.22 | C27: 0.42 | D27: 0.47 | E27: Autumn Budget 2025 (House of Commons Library CBP-10450)
A28: Dividends from April 2026 | B28: 0.1075 | C28: 0.3575 | D28: 0.3935 | E28: gov.uk/tax-on-dividends
A29: Capital gains on residential property | B29: 0.18 | C29: 0.24 | D29: 0.24 | E29: gov.uk/capital-gains-tax/rates
A31: Finance cost credit 2026/27 | B31: 0.2
A32: Finance cost credit from April 2027 | B32: 0.22
A33: Dividend allowance | B33: 500
A34: CGT annual exempt amount | B34: 3000
A35: Basic rate band | B35: 37700
A36: Corporation tax: small profits rate (to £50k) | B36: 0.19
A37: Corporation tax: main rate (over £250k) | B37: 0.25

Sheet Personal
A1: Personal
A2: Year | C2: Buy | D2: 1 | E2: 2 | F2: 3 | G2: 4 | H2: 5 | I2: 6 | J2: 7 | K2: 8 | L2: 9 | M2: 10
A3: Gross rent | D3: ==Rent*12*(1+RentGrowth)^(1-1) | E3: ==Rent*12*(1+RentGrowth)^(2-1) | F3: ==Rent*12*(1+RentGrowth)^(3-1) | G3: ==Rent*12*(1+RentGrowth)^(4-1) | H3: ==Rent*12*(1+RentGrowth)^(5-1) | I3: ==Rent*12*(1+RentGrowth)^(6-1) | J3: ==Rent*12*(1+RentGrowth)^(7-1) | K3: ==Rent*12*(1+RentGrowth)^(8-1) | L3: ==Rent*12*(1+RentGrowth)^(9-1) | M3: ==Rent*12*(1+RentGrowth)^(10-1)
A4: Rent collected (after voids) | D4: ==D3*(1-Voids) | E4: ==E3*(1-Voids) | F4: ==F3*(1-Voids) | G4: ==G3*(1-Voids) | H4: ==H3*(1-Voids) | I4: ==I3*(1-Voids) | J4: ==J3*(1-Voids) | K4: ==K3*(1-Voids) | ... M4: ==M3*(1-Voids)
A5: Letting agent, repairs, insurance | D5: ==-D4*(Mgmt+Other) | E5: ==-E4*(Mgmt+Other) | F5: ==-F4*(Mgmt+Other) | G5: ==-G4*(Mgmt+Other) | H5: ==-H4*(Mgmt+Other) | I5: ==-I4*(Mgmt+Other) | J5: ==-J4*(Mgmt+Other) | K5: ==-K4*(Mgmt+Other) | ... M5: ==-M4*(Mgmt+Other)
A6: Mortgage interest | D6: ==-Loan*RateP | E6: ==-Loan*RateP | F6: ==-Loan*RateP | G6: ==-Loan*RateP | H6: ==-Loan*RateP | I6: ==-Loan*RateP | J6: ==-Loan*RateP | K6: ==-Loan*RateP | ... M6: ==-Loan*RateP
A7: Rental profit (interest not deductible) | D7: ==D4+D5 | E7: ==E4+E5 | F7: ==F4+F5 | G7: ==G4+G5 | H7: ==H4+H5 | I7: ==I4+I5 | J7: ==J4+J5 | K7: ==K4+K5 | ... M7: ==M4+M5
A8: Losses brought forward | D8: ==IF(1=1,0,C10) | E8: ==IF(2=1,0,D10) | F8: ==IF(3=1,0,E10) | G8: ==IF(4=1,0,F10) | H8: ==IF(5=1,0,G10) | I8: ==IF(6=1,0,H10) | J8: ==IF(7=1,0,I10) | K8: ==IF(8=1,0,J10) | L8: ==IF(9=1,0,K10) | M8: ==IF(10=1,0,L10)
A9: Taxable rental profit | D9: ==MAX(0,D7-D8) | E9: ==MAX(0,E7-E8) | F9: ==MAX(0,F7-F8) | G9: ==MAX(0,G7-G8) | H9: ==MAX(0,H7-H8) | I9: ==MAX(0,I7-I8) | J9: ==MAX(0,J7-J8) | K9: ==MAX(0,K7-K8) | ... M9: ==MAX(0,M7-M8)
A10: Losses carried forward | D10: ==MAX(0,D8-MAX(0,D7))+MAX(0,-D7) | E10: ==MAX(0,E8-MAX(0,E7))+MAX(0,-E7) | F10: ==MAX(0,F8-MAX(0,F7))+MAX(0,-F7) | G10: ==MAX(0,G8-MAX(0,G7))+MAX(0,-G7) | H10: ==MAX(0,H8-MAX(0,H7))+MAX(0,-H7) | I10: ==MAX(0,I8-MAX(0,I7))+MAX(0,-I7) | J10: ==MAX(0,J8-MAX(0,J7))+MAX(0,-J7) | K10: ==MAX(0,K8-MAX(0,K7))+MAX(0,-K7) | ... M10: ==MAX(0,M8-MAX(0,M7))+MAX(0,-M7)
A11: Finance costs available for credit | D11: ==-D6+IF(1=1,0,C13) | E11: ==-E6+IF(2=1,0,D13) | F11: ==-F6+IF(3=1,0,E13) | G11: ==-G6+IF(4=1,0,F13) | H11: ==-H6+IF(5=1,0,G13) | I11: ==-I6+IF(6=1,0,H13) | J11: ==-J6+IF(7=1,0,I13) | K11: ==-K6+IF(8=1,0,J13) | L11: ==-L6+IF(9=1,0,K13) | M11: ==-M6+IF(10=1,0,L13)
A12: Finance costs relieved | D12: ==MIN(D11,D9) | E12: ==MIN(E11,E9) | F12: ==MIN(F11,F9) | G12: ==MIN(G11,G9) | H12: ==MIN(H11,H9) | I12: ==MIN(I11,I9) | J12: ==MIN(J11,J9) | K12: ==MIN(K11,K9) | ... M12: ==MIN(M11,M9)
A13: Finance costs carried forward | D13: ==D11-D12 | E13: ==E11-E12 | F13: ==F11-F12 | G13: ==G11-G12 | H13: ==H11-H12 | I13: ==I11-I12 | J13: ==J11-J12 | K13: ==K11-K12 | ... M13: ==M11-M12
A14: Income tax | D14: ==-MAX(0,D9*IF(1=1,INDEX(PropY1,MATCH(Band,BandNames,0)),INDEX(PropY2,MATCH(Band,BandNames,0)))-D12*IF(1=1,CreditY1,CreditY2)) | E14: ==-MAX(0,E9*IF(2=1,INDEX(PropY1,MATCH(Band,BandNames,0)),INDEX(PropY2,MATCH(Band,BandNames,0)))-E12*IF(2=1,CreditY1,CreditY2)) | F14: ==-MAX(0,F9*IF(3=1,INDEX(PropY1,MATCH(Band,BandNames,0)),INDEX(PropY2,MATCH(Band,BandNames,0)))-F12*IF(3=1,CreditY1,CreditY2)) | G14: ==-MAX(0,G9*IF(4=1,INDEX(PropY1,MATCH(Band,BandNames,0)),INDEX(PropY2,MATCH(Band,BandNames,0)))-G12*IF(4=1,CreditY1,CreditY2)) | H14: ==-MAX(0,H9*IF(5=1,INDEX(PropY1,MATCH(Band,BandNames,0)),INDEX(PropY2,MATCH(Band,BandNames,0)))-H12*IF(5=1,CreditY1,CreditY2)) | I14: ==-MAX(0,I9*IF(6=1,INDEX(PropY1,MATCH(Band,BandNames,0)),INDEX(PropY2,MATCH(Band,BandNames,0)))-I12*IF(6=1,CreditY1,CreditY2)) | J14: ==-MAX(0,J9*IF(7=1,INDEX(PropY1,MATCH(Band,BandNames,0)),INDEX(PropY2,MATCH(Band,BandNames,0)))-J12*IF(7=1,CreditY1,CreditY2)) | K14: ==-MAX(0,K9*IF(8=1,INDEX(PropY1,MATCH(Band,BandNames,0)),INDEX(PropY2,MATCH(Band,BandNames,0)))-K12*IF(8=1,CreditY1,CreditY2)) | L14: ==-MAX(0,L9*IF(9=1,INDEX(PropY1,MATCH(Band,BandNames,0)),INDEX(PropY2,MATCH(Band,BandNames,0)))-L12*IF(9=1,CreditY1,CreditY2)) | M14: ==-MAX(0,M9*IF(10=1,INDEX(PropY1,MATCH(Band,BandNames,0)),INDEX(PropY2,MATCH(Band,BandNames,0)))-M12*IF(10=1,CreditY1,CreditY2))
A15: Sale price less costs and mortgage | D15: ==IF(FALSE,SalePrice-SaleCosts-Loan,0) | E15: ==IF(FALSE,SalePrice-SaleCosts-Loan,0) | F15: ==IF(FALSE,SalePrice-SaleCosts-Loan,0) | G15: ==IF(FALSE,SalePrice-SaleCosts-Loan,0) | H15: ==IF(FALSE,SalePrice-SaleCosts-Loan,0) | I15: ==IF(FALSE,SalePrice-SaleCosts-Loan,0) | J15: ==IF(FALSE,SalePrice-SaleCosts-Loan,0) | K15: ==IF(FALSE,SalePrice-SaleCosts-Loan,0) | L15: ==IF(FALSE,SalePrice-SaleCosts-Loan,0) | M15: ==IF(TRUE,SalePrice-SaleCosts-Loan,0)
A16: Taxable gain | D16: ==IF(FALSE,MAX(0,SalePrice-SaleCosts-BaseCost-CGTAllow),0) | E16: ==IF(FALSE,MAX(0,SalePrice-SaleCosts-BaseCost-CGTAllow),0) | F16: ==IF(FALSE,MAX(0,SalePrice-SaleCosts-BaseCost-CGTAllow),0) | G16: ==IF(FALSE,MAX(0,SalePrice-SaleCosts-BaseCost-CGTAllow),0) | H16: ==IF(FALSE,MAX(0,SalePrice-SaleCosts-BaseCost-CGTAllow),0) | I16: ==IF(FALSE,MAX(0,SalePrice-SaleCosts-BaseCost-CGTAllow),0) | J16: ==IF(FALSE,MAX(0,SalePrice-SaleCosts-BaseCost-CGTAllow),0) | K16: ==IF(FALSE,MAX(0,SalePrice-SaleCosts-BaseCost-CGTAllow),0) | L16: ==IF(FALSE,MAX(0,SalePrice-SaleCosts-BaseCost-CGTAllow),0) | M16: ==IF(TRUE,MAX(0,SalePrice-SaleCosts-BaseCost-CGTAllow),0)
A17: Capital gains tax | D17: =-IF(Band="basic",MIN(D16,MAX(0,BasicBand-D9))*INDEX(CGTRates,1)+MAX(0,D16-MAX(0,BasicBand-D9))*INDEX(CGTRates,2),D16*INDEX(CGTRates,2)) | E17: =-IF(Band="basic",MIN(E16,MAX(0,BasicBand-E9))*INDEX(CGTRates,1)+MAX(0,E16-MAX(0,BasicBand-E9))*INDEX(CGTRates,2),E16*INDEX(CGTRates,2)) | F17: =-IF(Band="basic",MIN(F16,MAX(0,BasicBand-F9))*INDEX(CGTRates,1)+MAX(0,F16-MAX(0,BasicBand-F9))*INDEX(CGTRates,2),F16*INDEX(CGTRates,2)) | G17: =-IF(Band="basic",MIN(G16,MAX(0,BasicBand-G9))*INDEX(CGTRates,1)+MAX(0,G16-MAX(0,BasicBand-G9))*INDEX(CGTRates,2),G16*INDEX(CGTRates,2)) | H17: =-IF(Band="basic",MIN(H16,MAX(0,BasicBand-H9))*INDEX(CGTRates,1)+MAX(0,H16-MAX(0,BasicBand-H9))*INDEX(CGTRates,2),H16*INDEX(CGTRates,2)) | I17: =-IF(Band="basic",MIN(I16,MAX(0,BasicBand-I9))*INDEX(CGTRates,1)+MAX(0,I16-MAX(0,BasicBand-I9))*INDEX(CGTRates,2),I16*INDEX(CGTRates,2)) | J17: =-IF(Band="basic",MIN(J16,MAX(0,BasicBand-J9))*INDEX(CGTRates,1)+MAX(0,J16-MAX(0,BasicBand-J9))*INDEX(CGTRates,2),J16*INDEX(CGTRates,2)) | K17: =-IF(Band="basic",MIN(K16,MAX(0,BasicBand-K9))*INDEX(CGTRates,1)+MAX(0,K16-MAX(0,BasicBand-K9))*INDEX(CGTRates,2),K16*INDEX(CGTRates,2)) | ... M17: =-IF(Band="basic",MIN(M16,MAX(0,BasicBand-M9))*INDEX(CGTRates,1)+MAX(0,M16-MAX(0,BasicBand-M9))*INDEX(CGTRates,2),M16*INDEX(CGTRates,2))
A18: Cash to you | C18: ==-Equity | D18: ==D4+D5+D6+D14+D15+D17 | E18: ==E4+E5+E6+E14+E15+E17 | F18: ==F4+F5+F6+F14+F15+F17 | G18: ==G4+G5+G6+G14+G15+G17 | H18: ==H4+H5+H6+H14+H15+H17 | I18: ==I4+I5+I6+I14+I15+I17 | J18: ==J4+J5+J6+J14+J15+J17 | K18: ==K4+K5+K6+K14+K15+K17 | ... M18: ==M4+M5+M6+M14+M15+M17

Sheet Company
A1: Company
A2: Year | C2: Buy | D2: 1 | E2: 2 | F2: 3 | G2: 4 | H2: 5 | I2: 6 | J2: 7 | K2: 8 | L2: 9 | M2: 10
A3: Gross rent | D3: ==Rent*12*(1+RentGrowth)^(1-1) | E3: ==Rent*12*(1+RentGrowth)^(2-1) | F3: ==Rent*12*(1+RentGrowth)^(3-1) | G3: ==Rent*12*(1+RentGrowth)^(4-1) | H3: ==Rent*12*(1+RentGrowth)^(5-1) | I3: ==Rent*12*(1+RentGrowth)^(6-1) | J3: ==Rent*12*(1+RentGrowth)^(7-1) | K3: ==Rent*12*(1+RentGrowth)^(8-1) | L3: ==Rent*12*(1+RentGrowth)^(9-1) | M3: ==Rent*12*(1+RentGrowth)^(10-1)
A4: Rent collected (after voids) | D4: ==D3*(1-Voids) | E4: ==E3*(1-Voids) | F4: ==F3*(1-Voids) | G4: ==G3*(1-Voids) | H4: ==H3*(1-Voids) | I4: ==I3*(1-Voids) | J4: ==J3*(1-Voids) | K4: ==K3*(1-Voids) | ... M4: ==M3*(1-Voids)
A5: Letting agent, repairs, insurance | D5: ==-D4*(Mgmt+Other) | E5: ==-E4*(Mgmt+Other) | F5: ==-F4*(Mgmt+Other) | G5: ==-G4*(Mgmt+Other) | H5: ==-H4*(Mgmt+Other) | I5: ==-I4*(Mgmt+Other) | J5: ==-J4*(Mgmt+Other) | K5: ==-K4*(Mgmt+Other) | ... M5: ==-M4*(Mgmt+Other)
A6: Company accounts and filings | D6: ==-CoAdmin | E6: ==-CoAdmin | F6: ==-CoAdmin | G6: ==-CoAdmin | H6: ==-CoAdmin | I6: ==-CoAdmin | J6: ==-CoAdmin | K6: ==-CoAdmin | ... M6: ==-CoAdmin
A7: Mortgage interest (deductible) | D7: ==-Loan*RateC | E7: ==-Loan*RateC | F7: ==-Loan*RateC | G7: ==-Loan*RateC | H7: ==-Loan*RateC | I7: ==-Loan*RateC | J7: ==-Loan*RateC | K7: ==-Loan*RateC | ... M7: ==-Loan*RateC
A8: Rental profit | D8: ==D4+D5+D6+D7 | E8: ==E4+E5+E6+E7 | F8: ==F4+F5+F6+F7 | G8: ==G4+G5+G6+G7 | H8: ==H4+H5+H6+H7 | I8: ==I4+I5+I6+I7 | J8: ==J4+J5+J6+J7 | K8: ==K4+K5+K6+K7 | ... M8: ==M4+M5+M6+M7
A9: Chargeable gain on sale | D9: ==IF(FALSE,MAX(0,SalePrice-SaleCosts-BaseCost),0) | E9: ==IF(FALSE,MAX(0,SalePrice-SaleCosts-BaseCost),0) | F9: ==IF(FALSE,MAX(0,SalePrice-SaleCosts-BaseCost),0) | G9: ==IF(FALSE,MAX(0,SalePrice-SaleCosts-BaseCost),0) | H9: ==IF(FALSE,MAX(0,SalePrice-SaleCosts-BaseCost),0) | I9: ==IF(FALSE,MAX(0,SalePrice-SaleCosts-BaseCost),0) | J9: ==IF(FALSE,MAX(0,SalePrice-SaleCosts-BaseCost),0) | K9: ==IF(FALSE,MAX(0,SalePrice-SaleCosts-BaseCost),0) | L9: ==IF(FALSE,MAX(0,SalePrice-SaleCosts-BaseCost),0) | M9: ==IF(TRUE,MAX(0,SalePrice-SaleCosts-BaseCost),0)
A10: Losses brought forward | D10: ==IF(1=1,0,C12) | E10: ==IF(2=1,0,D12) | F10: ==IF(3=1,0,E12) | G10: ==IF(4=1,0,F12) | H10: ==IF(5=1,0,G12) | I10: ==IF(6=1,0,H12) | J10: ==IF(7=1,0,I12) | K10: ==IF(8=1,0,J12) | L10: ==IF(9=1,0,K12) | M10: ==IF(10=1,0,L12)
A11: Taxable profit | D11: ==MAX(0,D8+D9-D10) | E11: ==MAX(0,E8+E9-E10) | F11: ==MAX(0,F8+F9-F10) | G11: ==MAX(0,G8+G9-G10) | H11: ==MAX(0,H8+H9-H10) | I11: ==MAX(0,I8+I9-I10) | J11: ==MAX(0,J8+J9-J10) | K11: ==MAX(0,K8+K9-K10) | ... M11: ==MAX(0,M8+M9-M10)
A12: Losses carried forward | D12: ==MAX(0,D10-MAX(0,D8+D9))+MAX(0,-(D8+D9)) | E12: ==MAX(0,E10-MAX(0,E8+E9))+MAX(0,-(E8+E9)) | F12: ==MAX(0,F10-MAX(0,F8+F9))+MAX(0,-(F8+F9)) | G12: ==MAX(0,G10-MAX(0,G8+G9))+MAX(0,-(G8+G9)) | H12: ==MAX(0,H10-MAX(0,H8+H9))+MAX(0,-(H8+H9)) | I12: ==MAX(0,I10-MAX(0,I8+I9))+MAX(0,-(I8+I9)) | J12: ==MAX(0,J10-MAX(0,J8+J9))+MAX(0,-(J8+J9)) | K12: ==MAX(0,K10-MAX(0,K8+K9))+MAX(0,-(K8+K9)) | ... M12: ==MAX(0,M10-MAX(0,M8+M9))+MAX(0,-(M8+M9))
A13: Corporation tax | D13: ==-IF(D11<=50000,D11*CTSmall,IF(D11<=250000,D11*CTMain-(250000-D11)*0.015,D11*CTMain)) | E13: ==-IF(E11<=50000,E11*CTSmall,IF(E11<=250000,E11*CTMain-(250000-E11)*0.015,E11*CTMain)) | F13: ==-IF(F11<=50000,F11*CTSmall,IF(F11<=250000,F11*CTMain-(250000-F11)*0.015,F11*CTMain)) | G13: ==-IF(G11<=50000,G11*CTSmall,IF(G11<=250000,G11*CTMain-(250000-G11)*0.015,G11*CTMain)) | H13: ==-IF(H11<=50000,H11*CTSmall,IF(H11<=250000,H11*CTMain-(250000-H11)*0.015,H11*CTMain)) | I13: ==-IF(I11<=50000,I11*CTSmall,IF(I11<=250000,I11*CTMain-(250000-I11)*0.015,I11*CTMain)) | J13: ==-IF(J11<=50000,J11*CTSmall,IF(J11<=250000,J11*CTMain-(250000-J11)*0.015,J11*CTMain)) | K13: ==-IF(K11<=50000,K11*CTSmall,IF(K11<=250000,K11*CTMain-(250000-K11)*0.015,K11*CTMain)) | ... M13: ==-IF(M11<=50000,M11*CTSmall,IF(M11<=250000,M11*CTMain-(250000-M11)*0.015,M11*CTMain))
A14: Sale price less costs and mortgage | D14: ==IF(FALSE,SalePrice-SaleCosts-Loan,0) | E14: ==IF(FALSE,SalePrice-SaleCosts-Loan,0) | F14: ==IF(FALSE,SalePrice-SaleCosts-Loan,0) | G14: ==IF(FALSE,SalePrice-SaleCosts-Loan,0) | H14: ==IF(FALSE,SalePrice-SaleCosts-Loan,0) | I14: ==IF(FALSE,SalePrice-SaleCosts-Loan,0) | J14: ==IF(FALSE,SalePrice-SaleCosts-Loan,0) | K14: ==IF(FALSE,SalePrice-SaleCosts-Loan,0) | L14: ==IF(FALSE,SalePrice-SaleCosts-Loan,0) | M14: ==IF(TRUE,SalePrice-SaleCosts-Loan,0)
A15: Company cash available | D15: ==IF(1=1,0,C22)+D4+D5+D6+D7+D13+D14 | E15: ==IF(2=1,0,D22)+E4+E5+E6+E7+E13+E14 | F15: ==IF(3=1,0,E22)+F4+F5+F6+F7+F13+F14 | G15: ==IF(4=1,0,F22)+G4+G5+G6+G7+G13+G14 | H15: ==IF(5=1,0,G22)+H4+H5+H6+H7+H13+H14 | I15: ==IF(6=1,0,H22)+I4+I5+I6+I7+I13+I14 | J15: ==IF(7=1,0,I22)+J4+J5+J6+J7+J13+J14 | K15: ==IF(8=1,0,J22)+K4+K5+K6+K7+K13+K14 | L15: ==IF(9=1,0,K22)+L4+L5+L6+L7+L13+L14 | M15: ==IF(10=1,0,L22)+M4+M5+M6+M7+M13+M14
A16: Director's loan owed to you (start) | C16: ==Equity | D16: ==C21 | E16: ==D21 | F16: ==E21 | G16: ==F21 | H16: ==G21 | I16: ==H21 | J16: ==I21 | K16: ==J21 | ... M16: ==L21
A17: Paid out to you (before tax) | D17: ==IF(D15<0,D15,IF(OR(Payout="annual",FALSE),D15,0)) | E17: ==IF(E15<0,E15,IF(OR(Payout="annual",FALSE),E15,0)) | F17: ==IF(F15<0,F15,IF(OR(Payout="annual",FALSE),F15,0)) | G17: ==IF(G15<0,G15,IF(OR(Payout="annual",FALSE),G15,0)) | H17: ==IF(H15<0,H15,IF(OR(Payout="annual",FALSE),H15,0)) | I17: ==IF(I15<0,I15,IF(OR(Payout="annual",FALSE),I15,0)) | J17: ==IF(J15<0,J15,IF(OR(Payout="annual",FALSE),J15,0)) | K17: ==IF(K15<0,K15,IF(OR(Payout="annual",FALSE),K15,0)) | L17: ==IF(L15<0,L15,IF(OR(Payout="annual",FALSE),L15,0)) | M17: ==IF(M15<0,M15,IF(OR(Payout="annual",TRUE),M15,0))
A18: Director's loan repaid (tax-free) | D18: ==IF(D17>0,MIN(D17,D16),0) | E18: ==IF(E17>0,MIN(E17,E16),0) | F18: ==IF(F17>0,MIN(F17,F16),0) | G18: ==IF(G17>0,MIN(G17,G16),0) | H18: ==IF(H17>0,MIN(H17,H16),0) | I18: ==IF(I17>0,MIN(I17,I16),0) | J18: ==IF(J17>0,MIN(J17,J16),0) | K18: ==IF(K17>0,MIN(K17,K16),0) | ... M18: ==IF(M17>0,MIN(M17,M16),0)
A19: Dividend | D19: ==MAX(0,D17-D18) | E19: ==MAX(0,E17-E18) | F19: ==MAX(0,F17-F18) | G19: ==MAX(0,G17-G18) | H19: ==MAX(0,H17-H18) | I19: ==MAX(0,I17-I18) | J19: ==MAX(0,J17-J18) | K19: ==MAX(0,K17-K18) | ... M19: ==MAX(0,M17-M18)
A20: Dividend tax | D20: ==-IF(Band="basic",MIN(MAX(0,D19-DivAllow),BasicBand-DivAllow)*INDEX(DivRates,1)+MAX(0,MAX(0,D19-DivAllow)-(BasicBand-DivAllow))*INDEX(DivRates,2),MAX(0,D19-DivAllow)*INDEX(DivRates,MATCH(Band,BandNames,0))) | E20: ==-IF(Band="basic",MIN(MAX(0,E19-DivAllow),BasicBand-DivAllow)*INDEX(DivRates,1)+MAX(0,MAX(0,E19-DivAllow)-(BasicBand-DivAllow))*INDEX(DivRates,2),MAX(0,E19-DivAllow)*INDEX(DivRates,MATCH(Band,BandNames,0))) | F20: ==-IF(Band="basic",MIN(MAX(0,F19-DivAllow),BasicBand-DivAllow)*INDEX(DivRates,1)+MAX(0,MAX(0,F19-DivAllow)-(BasicBand-DivAllow))*INDEX(DivRates,2),MAX(0,F19-DivAllow)*INDEX(DivRates,MATCH(Band,BandNames,0))) | G20: ==-IF(Band="basic",MIN(MAX(0,G19-DivAllow),BasicBand-DivAllow)*INDEX(DivRates,1)+MAX(0,MAX(0,G19-DivAllow)-(BasicBand-DivAllow))*INDEX(DivRates,2),MAX(0,G19-DivAllow)*INDEX(DivRates,MATCH(Band,BandNames,0))) | H20: ==-IF(Band="basic",MIN(MAX(0,H19-DivAllow),BasicBand-DivAllow)*INDEX(DivRates,1)+MAX(0,MAX(0,H19-DivAllow)-(BasicBand-DivAllow))*INDEX(DivRates,2),MAX(0,H19-DivAllow)*INDEX(DivRates,MATCH(Band,BandNames,0))) | I20: ==-IF(Band="basic",MIN(MAX(0,I19-DivAllow),BasicBand-DivAllow)*INDEX(DivRates,1)+MAX(0,MAX(0,I19-DivAllow)-(BasicBand-DivAllow))*INDEX(DivRates,2),MAX(0,I19-DivAllow)*INDEX(DivRates,MATCH(Band,BandNames,0))) | J20: ==-IF(Band="basic",MIN(MAX(0,J19-DivAllow),BasicBand-DivAllow)*INDEX(DivRates,1)+MAX(0,MAX(0,J19-DivAllow)-(BasicBand-DivAllow))*INDEX(DivRates,2),MAX(0,J19-DivAllow)*INDEX(DivRates,MATCH(Band,BandNames,0))) | K20: ==-IF(Band="basic",MIN(MAX(0,K19-DivAllow),BasicBand-DivAllow)*INDEX(DivRates,1)+MAX(0,MAX(0,K19-DivAllow)-(BasicBand-DivAllow))*INDEX(DivRates,2),MAX(0,K19-DivAllow)*INDEX(DivRates,MATCH(Band,BandNames,0))) | ... M20: ==-IF(Band="basic",MIN(MAX(0,M19-DivAllow),BasicBand-DivAllow)*INDEX(DivRates,1)+MAX(0,MAX(0,M19-DivAllow)-(BasicBand-DivAllow))*INDEX(DivRates,2),MAX(0,M19-DivAllow)*INDEX(DivRates,MATCH(Band,BandNames,0)))
A21: Director's loan owed to you (end) | C21: ==Equity | D21: ==D16-D18+MAX(0,-D15) | E21: ==E16-E18+MAX(0,-E15) | F21: ==F16-F18+MAX(0,-F15) | G21: ==G16-G18+MAX(0,-G15) | H21: ==H16-H18+MAX(0,-H15) | I21: ==I16-I18+MAX(0,-I15) | J21: ==J16-J18+MAX(0,-J15) | K21: ==K16-K18+MAX(0,-K15) | ... M21: ==M16-M18+MAX(0,-M15)
A22: Kept in the company | D22: ==D15-D17 | E22: ==E15-E17 | F22: ==F15-F17 | G22: ==G15-G17 | H22: ==H15-H17 | I22: ==I15-I17 | J22: ==J15-J17 | K22: ==K15-K17 | ... M22: ==M15-M17
A23: Cash to you | C23: ==-Equity | D23: ==D17+D20 | E23: ==E17+E20 | F23: ==F17+F20 | G23: ==G17+G20 | H23: ==H17+H20 | I23: ==I17+I20 | J23: ==J17+J20 | K23: ==K17+K20 | ... M23: ==M17+M20
A24: Value before dividend tax | C24: ==-Equity | D24: ==D17 | E24: ==E17 | F24: ==F17 | G24: ==G17 | H24: ==H17 | I24: ==I17 | J24: ==J17 | K24: ==K17 | ... M24: ==M17
